 Dungeon Crawl Stone Soup version 0.16.2-12-gd0ad4c3 (webtiles) character file.

2881 kroki the Slasher (level 9, -1/84 HPs)
             Began as a Deep Elf Berserker on Feb 3, 2016.
             Was a High Priest of Trog.
             Slain by Joseph
             ... wielding a +0 quarterstaff of crushing
              (2 damage)
             ... on level 7 of the Dungeon.
             The game lasted 00:10:08 (8647 turns).

kroki the Slasher (Deep Elf Berserker)              Turns: 8647, Time: 00:10:08

Health: -1/84      AC: 14    Str: 22    XL:     9   Next: 48%
Magic:  21/21      EV:  7    Int: 13    God:    Trog [*****.]
Gold:   335        SH:  0    Dex: 17    Spells: 0 memorised, 8 levels left

rFire  . . .     SeeInvis +     G - +0 quarterstaff
rCold  . . .     Clarity  +     m - +0 plate armour
rNeg   . . .     SustAb   .     (no shield)
rPois  .         Gourm    .     o - +1 helmet
rElec  .         Spirit   .     E - +0 cloak
rCorr  .         Warding  .     (no gloves)
rMut   .         Stasis   .     (no boots)
MR     ++...                    D - amulet of clarity {Clar, !d}
Stlth  ..........               I - +3 ring of dexterity
                                C - ring of see invisible {sInv, !d}

@: berserking (expiring), lethally poisoned (-1 -> -1), very slightly
contaminated, regenerating, invisible, very quick, very resistant to hostile
enchantments, extremely unstealthy
A: no striking features
a: Burn Spellbooks, Berserk, Trog's Hand, Brothers in Arms, Renounce Religion


You were on level 7 of the Dungeon.
You worshipped Trog.
Trog was extremely pleased with you.
You were not hungry.

You visited 1 branch of the dungeon, and saw 7 of its levels.

You collected 335 gold pieces.

Inventory:

Hand weapons
 a - a +1 falchion
 y - a +2 short sword of speed
   (You took it off an orc on level 3 of the Dungeon)
 G - a +0 quarterstaff (weapon)
   (You found it on level 7 of the Dungeon)
 M - a +0 short sword of protection
   (You found it on level 6 of the Dungeon)
Missiles
 e - a tomahawk (quivered)
Armour
 b - a +0 animal skin
 k - a cursed +0 leather armour
   (You found it on level 1 of the Dungeon)
 l - a +0 scale mail
   (You found it on level 1 of the Dungeon)
 m - a +0 plate armour (worn)
   (You found it on level 2 of the Dungeon)
 o - a +1 helmet (worn)
   (You took it off Robin on level 2 of the Dungeon)
 E - a +0 cloak (worn)
   (You took it off Crazy Yiuf on level 4 of the Dungeon)
Jewellery
 g - a +6 ring of intelligence
   (You found it on level 4 of the Dungeon)
 C - a ring of see invisible (left hand) {sInv, !d}
   (You found it on level 4 of the Dungeon)
 D - an amulet of clarity (around neck) {Clar, !d}
   (You found it on level 4 of the Dungeon)
 I - a +3 ring of dexterity (right hand)
   (You found it on level 5 of the Dungeon)
Magical devices
 n - a wand of enslavement (2)
   (You took it off Jessica on level 2 of the Dungeon)
 u - a wand of slowing (0)
   (You took it off Eustachio on level 7 of the Dungeon)
 J - a wand of hasting (7)
   (You found it on level 7 of the Dungeon)
Scrolls
 d - 4 scrolls of teleportation
 h - 5 scrolls of remove curse
 i - 3 scrolls of fog
 q - 2 scrolls of magic mapping {!r}
 x - 3 scrolls of enchant weapon
Potions
 f - 3 potions of brilliance
 p - 3 potions of curing {unknown}
 r - a potion of cancellation
 s - a potion of might {unknown}
 t - a potion of mutation {unknown}
 v - 2 potions of heal wounds {unknown}
 z - a potion of restore abilities {unknown}
 A - a potion of poison {unknown}
 B - a potion of flight
 F - a potion of resistance {unknown}
 K - a potion of haste
 L - a potion of berserk rage {unknown}
Comestibles
 c - 8 bread rations {@e1}
 j - 7 fruits
 H - 6 beef jerkies


   Skills:
 - Level 6.4 Fighting
 - Level 7.2 Long Blades
 + Level 7.0 Staves
 - Level 2.3 Armour
 - Level 2.4 Dodging
 - Level 4.0 Evocations


You had 8 spell levels left.
You didn't know any spells.

Dungeon Overview and Level Annotations

Branches:
Dungeon (7/15)             Temple (0/1) D:7

Altars:
Dithmenos
Fedhas
Ru

Annotations:
D:6 Natasha
D:7 Joseph


Message History

You are more poisoned.
The water moccasin poisons you!
You thump the water moccasin!
You feel sick.
The water moccasin bites you but does no damage.
You take 7 damage, and have 47/56 hp.
You hit the water moccasin but do no damage.
You feel sick. The water moccasin bites you.
The water moccasin bites you but does no damage.
You take 3 damage, and have 44/56 hp.
You hit the water moccasin.
You kill the water moccasin!
Trog accepts your kill.
Your base Staves skill increases to level 7!
Your life force feels restored.
You feel very sick.
You take 3 damage, and have 41/56 hp.
Unknown command.
You feel sick.
You take 2 damage, and have 39/56 hp.
You are too injured to fight recklessly!
Unknown command.
You feel sick.
You take 1 damage, and have 38/56 hp.
You are too injured to fight recklessly!
Joseph, a Mercenary comes into view.
He is wielding a quarterstaff of crushing.
You feel sick.
Joseph shouts!
You take 2 damage, and have 36/56 hp.
You feel sick.
You take 1 damage, and have 35/56 hp.
You feel sick.
You take 2 damage, and have 33/56 hp.
You feel sick.
Joseph unwields an uncursed quarterstaff of crushing.
Joseph wields a runed hunting sling.
Joseph shoots an exploding sling bullet.
The exploding sling bullet hits you!
The exploding sling bullet explodes!
The explosion of sling bullet fragments engulfs you!
You feel sick.
You take 9 damage, and have 24/56 hp.
You feel sick.
You take 1 damage, and have 23/56 hp.
You feel sick.
You take 1 damage, and have 22/56 hp.
You start resting.
You feel sick.
You feel sick. x2
You take 4 damage, and have 18/56 hp.
Drink which item? (? for menu, Esc to quit)
You fade into invisibility!
You feel sick.
Joseph shoots an exploding sling bullet.
The exploding sling bullet hits you but does no damage.
The exploding sling bullet explodes!
The explosion of sling bullet fragments engulfs you!
You are very lightly contaminated with residual magic.
Your skin crawls.
You feel resistant to hostile enchantments.
You feel slightly more hungry.
Joseph shoots an exploding sling bullet.
The exploding sling bullet hits you but does no damage.
The exploding sling bullet explodes!
The explosion of sling bullet fragments engulfs you!
A red film seems to cover your vision as you go berserk!
You feel yourself moving faster!
You feel mighty!
You feel somewhat more hungry.
You feel sick.
Joseph shoots an exploding sling bullet.
The exploding sling bullet hits you but does no damage.
The exploding sling bullet explodes!
The explosion of sling bullet fragments engulfs you!
You now have 28/84 hp.
Unknown command.
You feel a strong urge to attack something.
You feel sick.
Joseph unwields an uncursed hunting sling of evasion.
Joseph wields an uncursed quarterstaff of crushing.
Joseph hits you with an uncursed quarterstaff of crushing.
* * * LOW HITPOINT WARNING * * *
x2 You take 6 damage, and have 22/84 hp.
You closely miss Joseph.
Your plate armour prevents you from hitting Joseph.
You feel sick.
Joseph hits you with an uncursed quarterstaff of crushing!
* * * LOW HITPOINT WARNING * * *
x2 You take 10 damage, and have 13/84 hp.
You strike the helpless Joseph from behind!
You sock Joseph! You hit Joseph.
You feel sick. Joseph hits you but does no damage.
You sock Joseph! You barely miss Joseph.
Joseph hits you with an uncursed quarterstaff of crushing!
* * * LOW HITPOINT WARNING * * *
x2 You take 7 damage, and have 7/84 hp.
You sock Joseph!
You feel sick. Joseph hits you but does no damage.
You take 1 damage, and have 6/84 hp.
You strike the helpless Joseph from behind!
You bludgeon Joseph!! You hit Joseph but do no damage.
Joseph hits you with an uncursed quarterstaff of crushing!
* * * LOW HITPOINT WARNING * * *
You die...

#.#..###...#.##...#.#....#
.#.#.(###..................
.....(.............##.#....#
............................
#.#.#...........#..##.......
#.........##..#..##.#.....
...........................
.....@####@###....##.#>#..#
..#..####@###....##.#.#...
.#..............##.#.#...
#..####.####............
#.####....#.#.#.##
##...........#.....
...(..............##
#######.#)##.#.#.#
#.#)##.#.#.# #.#.##.#.#.##


You could see Joseph.

Vanquished Creatures
  Pikel (D:7)
  Grinder (D:4)
  Eustachio (D:7)
  A water moccasin (D:7)
  The ghost of kroki the Sneak, an average SpBe of Trog (D:4)
  A wasp (D:4)
  2 centaurs
  3 ogres
  Sigmund (D:2)
  2 giant frogs
  A big kobold (D:7)
  Blork the orc (D:4)
  A wyvern skeleton (D:7)
  3 wights (D:7)
  A crimson imp (D:6)
  A goliath beetle (D:6)
  3 orc priests
  2 hounds
  Crazy Yiuf (D:4)
  5 orc wizards
  Natasha (D:6)
  2 worker ants
  Jessica (D:2)
  Robin (D:2)
  3 gnolls (D:2)
  A worker ant zombie (D:7)
  6 adders
  A giant mite (D:7)
  A shadow imp (D:7)
  6 worms
  7 giant geckos
  25 orcs
  3 ball pythons
  7 giant cockroaches
  17 hobgoblins
  2 jackals (D:3)
  12 bats
  3 giant newts
  20 goblins
  17 kobolds
  A quokka (D:6)
  8 rats
178 creatures vanquished.

Vanquished Creatures (collateral kills)
  An orc warrior (D:6)
1 creature vanquished.

Vanquished Creatures (others)
  2 ogres (D:6)
  3 slaves (D:7)
  An orc wizard (D:7)
  An orc (D:7)
  A goblin (D:7)
  A giant newt (D:7)
  3 kobold zombies (D:7)
  A rat (D:7)
13 creatures vanquished.

Grand Total: 192 creatures vanquished

Notes
Turn   | Place    | Note
--------------------------------------------------------------
     0 | D:1      | kroki, the Deep Elf Berserker, began the quest for the Orb.
     0 | D:1      | Reached XP level 1. HP: 13/13 MP: 2/2
   139 | D:1      | Reached skill level 3 in Long Blades
   209 | D:1      | Reached XP level 2. HP: 18/18 MP: 4/4
   750 | D:2      | Noticed Jessica
   771 | D:2      | Killed Jessica
   771 | D:2      | Acquired Trog's second power
   771 | D:2      | Reached XP level 3. HP: 22/22 MP: 6/6
   896 | D:2      | Reached skill level 3 in Fighting
  1049 | D:2      | Noticed Robin
  1065 | D:2      | Reached XP level 4. HP: 28/28 MP: 8/8
  1069 | D:2      | Killed Robin
  1080 | D:2      | Reached skill level 4 in Long Blades
  1603 | D:2      | Noticed Sigmund
  1618 | D:2      | Killed Sigmund
  1618 | D:2      | Reached XP level 5. HP: 28/32 MP: 10/10
  1669 | D:2      | Found a sacrificial altar of Ru.
  1827 | D:2      | Found a shadowy altar of Dithmenos.
  2264 | D:3      | Reached skill level 5 in Long Blades
  2558 | D:3      | Reached XP level 6. HP: 38/38 MP: 12/12
  2922 | D:3      | Acquired Trog's third power
  3359 | D:4      | Reached skill level 4 in Fighting
  3611 | D:4      | Reached skill level 6 in Long Blades
  3611 | D:4      | Reached XP level 7. HP: 43/43 MP: 14/14
  3943 | D:4      | Noticed Grinder
  3966 | D:4      | Killed Grinder
  4000 | D:4      | Found a blossoming altar of Fedhas.
  4085 | D:4      | Noticed kroki's ghost (average SpBe)
  4103 | D:4      | Killed kroki's ghost
  4103 | D:4      | Reached skill level 7 in Long Blades
  4431 | D:4      | Noticed Blork the orc
  4440 | D:4      | Killed Blork the orc
  4440 | D:4      | Reached skill level 5 in Fighting
  4594 | D:4      | Noticed Crazy Yiuf
  4601 | D:4      | Killed Crazy Yiuf
  4601 | D:4      | Reached skill level 2 in Armour
  4601 | D:4      | Reached XP level 8. HP: 49/49 MP: 16/16
  4829 | D:5      | Entered Level 5 of the Dungeon
  6032 | D:6      | Reached skill level 1 in Evocations
  6045 | D:6      | Reached skill level 2 in Evocations
  6054 | D:6      | HP: 3/50 [orc priest/divine providence (10)]
  6118 | D:6      | Reached skill level 3 in Evocations
  6213 | D:6      | Reached skill level 4 in Evocations
  6370 | D:6      | Reached skill level 6 in Fighting
  6489 | D:6      | Noticed Natasha
  6507 | D:6      | Killed Natasha
  6703 | D:6      | Found a staircase to the Ecumenical Temple.
  7070 | D:6      | Noticed Natasha
  7085 | D:6      | HP: 12/51 [iron imp[Natasha] (2)]
  7505 | D:7      | Found a staircase to the Ecumenical Temple.
  7505 | D:7      | Noticed Eustachio
  7529 | D:7      | Killed Eustachio
  7529 | D:7      | Reached skill level 2 in Staves
  7656 | D:7      | Reached skill level 3 in Staves
  7690 | D:7      | Noticed Pikel
  7707 | D:7      | Killed Pikel
  7707 | D:7      | Reached skill level 5 in Staves
  7707 | D:7      | Reached XP level 9. HP: 38/56 MP: 21/21
  8126 | D:7      | Reached skill level 6 in Staves
  8193 | D:7      | HP: 7/56 [ogre/giant club (15)]
  8622 | D:7      | Reached skill level 7 in Staves
  8625 | D:7      | Noticed Joseph
  8640 | D:7      | HP: 16/84 [Joseph/uncursed quarterstaff of crushing (7)]
  8644 | D:7      | HP: 7/84 [Joseph/uncursed quarterstaff of crushing (1)]
  8647 | D:7      | HP: 1/84 [Joseph/uncursed quarterstaff of crushing (7)]
  8647 | D:7      | Slain by Joseph

Action                   |  1- 3 |  4- 6 |  7- 9 || total
-------------------------+-------+-------+-------++-------
Melee: Falchion          |    74 |   186 |       ||   260
       Short sword       |       |    81 |   304 ||   385
       Quarterstaff      |       |       |   139 ||   139
Throw: Tomahawk          |       |       |   106 ||   106
Invok: Berserk           |     3 |     4 |    12 ||    19
       Trog's Hand       |       |     1 |     3 ||     4
Evoke: Wand              |       |       |     4 ||     4
  Use: Scroll            |       |       |    15 ||    15
       Potion            |       |       |     2 ||     2
 Stab: Sleeping          |     1 |       |       ||     1
       Invisible         |       |       |     2 ||     2
  Eat: Chunk             |     2 |     6 |     2 ||    10
       Royal jelly       |       |     1 |       ||     1
       Meat ration       |       |     1 |     5 ||     6
       Pizza             |       |       |     2 ||     2
       Fruit             |       |       |     1 ||     1

Vault maps used:
D:1:      dpeg_arrival_connections
D:2:      lemuel_doored_altar, supply_closet_lemuel,
          nicolae_ru_sacrificial_ziggurat, uniq_robin, uniq_sigmund,
          uniq_jessica
D:4:      old_standard_altar, uniq_blork_the_orc, uniq_crazy_yiuf_cottage,
          uniq_grinder
D:5:      first_bread
D:6:      minmay_temple_entry_statues_fountains, uniq_natasha
D:7:      minmay_temple_entry_fiery, grunt_ogre_cave, uniq_pikel, uniq_joseph,
          uniq_eustachio

Table legend:
 A = Turns spent in this place as a percentage of turns spent in the entire game.
 B = Non-inter-level travel turns spent in this place as a percentage of non-inter-level travel turns spent in the entire game.
 C = Inter-level travel turns spent in this place as a percentage of turns spent in this place.
 D = Turns resting spent in this place as a percentage of non-inter-level travel turns spent in this place.
 E = Turns spent auto-exploring this place as a percentage of non-inter-level travel turns spent in this place.
 F = Non-inter-level travel turns spent in this place divided by the number of levels of this place that you've seen.
                   A       B       C       D       E      F
               +-------+-------+-------+-------+-------+----------------------
         Total | 100.0 | 100.0 |   0.2 |   4.1 |   7.6 | 457.4
       Dungeon | 100.0 | 100.0 |   0.2 |   4.1 |   7.6 | 457.4
               +-------+-------+-------+-------+-------+----------------------

Table legend:
 A = Kills in this place as a percentage of kills in entire the game.
 B = Kills by you in this place as a percentage of kills by you in the entire game.
 C = Kills by friends in this place as a percentage of kills by friends in the entire game.
 D = Other kills in this place as a percentage of other kills in the entire game.
 E = Experience gained in this place as a percentage of experience gained in the entire game.
 F = Experience gained in this place divided by the number of levels of this place that you have seen.
                   A       B       C       D       E      F
               +-------+-------+-------+-------+-------+----------------------
         Total | 100.0 | 100.0 | 100.0 | 100.0 | 100.0 | 588.1
       Dungeon | 100.0 | 100.0 | 100.0 | 100.0 | 100.0 | 588.1
               +-------+-------+-------+-------+-------+----------------------
